 Dungeon Crawl Stone Soup version 0.17.0-28-g6e173f8 (webtiles) character file.

745 Shizoidos the Covered (level 7, -1/61 HPs)
             Began as a Minotaur Fighter on Nov 23, 2015.
             Slain by an ogre
             ... wielding a +0 giant club
              (7 damage)
             ... on level 5 of the Dungeon.
             The game lasted 00:18:54 (3769 turns).

Shizoidos the Covered (Minotaur Fighter)            Turns: 3769, Time: 00:18:54

Health: -1/61      AC:  8    Str: 22    XL:     7   Next: 47%
Magic:  6/6        EV:  9    Int:  5    God:
Gold:   19         SH: 10    Dex: 10    Spells: 0 memorised, 6 levels left

rFire  . . .     SeeInvis .     a - +1 war axe
rCold  . . .     Clarity  .     b - +1 scale mail
rNeg   . . .     SustAt   .     c - +0 shield
rPois  .         Gourm    .     (helmet restricted)
rElec  .         Spirit   .     (no cloak)
rCorr  .         Warding  .     (no gloves)
rMut   .         Stasis   .     (no boots)
MR     .....                    (no amulet)
Stlth  ..........               (no ring)
                                n - ring of flight

@: lethally poisoned (-1 -> -9), about to teleport, not resistant to hostile
enchantments, extremely unstealthy
A: retaliatory headbutt, horns 2
a: Evoke Flight


You were on level 5 of the Dungeon.
You were hungry.

You visited 1 branch of the dungeon, and saw 5 of its levels.

You collected 215 gold pieces.
You spent 196 gold pieces at shops.

Inventory:

Hand Weapons
 a - a +1 war axe (weapon)
 f - a +0 morningstar
Armour
 b - a +1 scale mail (worn)
 c - a +0 shield (worn)
 t - a +0 leather armour
Jewellery
 i - an uncursed amulet of regeneration {unknown}
 n - a ring of flight (left hand)
Wands
 s - a wand of confusion (8)
 A - a wand of lightning (13)
Scrolls
 g - 6 scrolls of identify
 h - 3 scrolls of remove curse
 j - a scroll of fear {unknown}
Potions
 d - 2 potions of might
 m - 2 potions of curing {unknown}
 o - a potion of agility
Books
 y - a book of the Tempests

   Spells                             Type                      Level
   a - Static Discharge               Conjuration/Air              3
   b - Lightning Bolt                 Conjuration/Air              5
   c - Fireball                       Conjuration/Fire             5
   d - Tornado                        Air                          9
   e - Shatter                        Earth                        9
Miscellaneous
 k - a plain deck of defence
Comestibles
 e - 2 bread rations
 p - a royal jelly
 w - a slice of pizza
 B - 4 fruits


   Skills:
 + Level 5.6 Fighting
 + Level 4.7 Axes
 + Level 6.4 Armour
 + Level 2.3 Dodging
 + Level 6.3 Shields


You had 6 spell levels left.
You didn't know any spells.

Dungeon Overview and Level Annotations

Branches:
Dungeon (5/15)             Temple (0/1) D:4

Altars:
Elyvilon
Sif Muna

Shops:
D:4 }

Annotations:
D:2 !


Innate Abilities, Weirdness & Mutations

You reflexively headbutt those who attack you in melee.
You have a pair of horns on your head.


Message History

The gnoll hits you but does no damage. The ogre barely misses you.
You hit the ogre.
The ogre is severely wounded.
You slash the gnoll!
The gnoll is heavily wounded.
The gnoll sergeant hits you from afar with a trident of venom!
The gnoll hits you with a club. The ogre hits you with a giant club!!
* * * LOW HITPOINT WARNING * * *
The gnoll sergeant hits you from afar with a trident of venom.
* * * LOW HITPOINT WARNING * * *
You are lethally poisoned!
You block the gnoll's attack.
* * * LOW HITPOINT WARNING * * *
You feel sick.
As you read the scroll of teleportation, it crumbles to dust.
You feel strangely unstable.
You are feeling hungry.
* * * LOW HITPOINT WARNING * * *
You feel sick. The ogre hits you with a giant club!
You die...

#############
#..>........#
#...<.......#
#..<........# ###
#...........#####..## .
#.............@Og...##..#
########......##g#......#
#......##g........
#......##.....#.##
#......##.......#
#......##.........
#......##.#.......
#..........$......
+......#...#......


You could see an ogre, a gnoll sergeant and a gnoll.

Vanquished Creatures
  A phantom (D:4)
  An ogre (D:4)
  A scorpion (D:4)
  3 orc priests (D:4)
  Ijyb (D:2)
  2 orc wizards (D:4)
  4 giant frog skeletons
  An iguana (D:4)
  2 worker ants (D:4)
  5 adders
  A gnoll (D:1)
  3 worms
  3 giant geckos
  10 orcs (D:4)
  A ball python (D:2)
  10 bats
  9 giant cockroaches
  10 goblins
  9 hobgoblins
  5 jackals (D:4)
  9 kobolds
  2 quokkas
  A giant gecko skeleton (D:4)
  8 giant newts
  14 rats
116 creatures vanquished.

Notes
Turn   | Place    | Note
--------------------------------------------------------------
     0 | D:1      | Shizoidos the Minotaur Fighter began the quest for the Orb.
     0 | D:1      | Reached XP level 1. HP: 19/19 MP: 0/0
   138 | D:1      | Reached skill level 4 in Shields
   151 | D:1      | Reached XP level 2. HP: 25/27 MP: 1/1
   280 | D:1      | Reached XP level 3. HP: 28/33 MP: 2/2
   996 | D:2      | Reached XP level 4. HP: 36/40 MP: 3/3
   999 | D:2      | Found a white marble altar of Elyvilon.
  1010 | D:2      | Noticed Ijyb
  1039 | D:2      | Killed Ijyb
  1039 | D:2      | Reached skill level 5 in Shields
  1072 | D:2      | Found a deep blue altar of Sif Muna.
  1525 | D:3      | Reached skill level 1 in Dodging
  1578 | D:3      | Reached XP level 5. HP: 46/46 MP: 4/4
  2000 | D:4      | Reached skill level 5 in Armour
  2531 | D:4      | Found Ruuzown's Gadget Emporium.
  2531 | D:4      | Found a staircase to the Ecumenical Temple.
  2588 | D:4      | Noticed an ogre
  2597 | D:4      | Killed an ogre
  2597 | D:4      | Reached XP level 6. HP: 8/55 MP: 5/5
  2756 | D:4      | Noticed a phantom
  2775 | D:4      | Killed a phantom
  2775 | D:4      | Reached skill level 5 in Fighting
  3325 | D:4      | Reached XP level 7. HP: 49/61 MP: 6/6
  3349 | D:4      | Reached skill level 6 in Armour
  3420 | D:4      | Bought a plain deck of defence for 196 gold pieces
  3737 | D:5      | Entered Level 5 of the Dungeon
  3769 | D:5      | Slain by an ogre

Action                   |  1- 3 |  4- 6 |  7- 9 || total
-------------------------+-------+-------+-------++-------
Melee: War axe           |    87 |   167 |    43 ||   297
  Use: Scroll            |       |     8 |     1 ||     9
       Potion            |       |     6 |       ||     6
  Eat: Bread ration      |       |     1 |       ||     1
       Meat ration       |       |     1 |       ||     1
